 Dungeon Crawl Stone Soup version 0.31-a0-1603-gbec6b6ccbf (webtiles) character file.

Game seed: 4295672269458942881

1276 MisterAzrael the Geomancer (level 8, -4/41 HPs)
             Began as a Deep Elf Earth Elementalist on Jan 7, 2024.
             Was an Initiate of Vehumet.
             Slain by a killer bee (7 damage)
             ... on level 5 of the Dungeon.
             The game lasted 00:10:31 (6107 turns).

MisterAzrael the Geomancer (DEEE)                   Turns: 6107, Time: 00:10:32

Health: -4/41      AC:  6    Str:  5    XL:     8   Next: 29%
Magic:  20/20      EV: 12    Int: 23    God:    Vehumet [......]
Gold:   248        SH:  0    Dex: 15    Spells: 13/21 levels left

rFire   . . .        (no weapon)
rCold   . . .        (no shield)
rNeg    . . .        a - +0 robe
rPois   .            (no helmet)
rElec   .            (no cloak)
rCorr   .            q - +0 pair of gloves
SInv    .            k - +2 pair of boots
Will    .....        (no amulet)
Stlth   ++           (no ring)
HPRegen 0.26/turn    (no ring)
MPRegen 0.17/turn

%: no passive effects
@: brilliant, lethally poisoned (-4 -> -11), about to teleport
A: no striking features
a: Renounce Religion


You were on level 5 of the Dungeon.
You worshipped Vehumet.
Vehumet was noncommittal.
You visited 2 branches of the dungeon, and saw 7 of its levels.
You also visited: Sewer.

You collected 248 gold pieces.

Inventory:

Missiles
 i - a throwing net
Armour
 a - a +0 robe (worn)
 k - a +2 pair of boots (worn)
 q - a +0 pair of gloves (worn)
 s - an orb of light
Scrolls
 d - 2 scrolls of teleportation
 e - a scroll of summoning {unknown}
 f - 3 scrolls of identify {unknown}
 j - a scroll of fog {unknown}
 r - a scroll of brand weapon {unknown}
 t - a scroll of vulnerability {unknown}
Potions
 c - 2 potions of berserk rage {unknown}
 g - a potion of degeneration {unknown}
 h - 2 potions of attraction {unknown}
 l - 2 potions of brilliance
 m - 2 potions of resistance {unknown}
 n - a potion of mutation {unknown}
 o - a potion of cancellation {unknown}
 p - 2 potions of haste {unknown}


   Skills:
 - Level 2.4 Dodging
 - Level 2.4 Stealth
 + Level 7.1 Spellcasting
 + Level 5.5 Conjurations
 * Level 8.4 Earth Magic


You had 13 spell levels left.
You knew the following spells:

 Your Spells              Type           Power      Damage    Failure   Level
a - Sandblast             Erth           100%       2d20      1%          1
b - Stone Arrow           Conj/Erth      100%       3d13      1%          3
c - Brom's Barrelling Bo  Conj/Erth      57%        2d7       4%          4

Your spell library contained the following spells:

 Spells                   Type           Power      Damage    Failure   Level
 Passwall                 Erth           63%        N/A       1%          3
 Foxfire                  Conj/Fire      100%       2x1d9     2%          1
 Call Imp                 Summ           24%        N/A       12%         2
 Sublimation of Blood     Necr           12%        N/A       12%         2
 Petrify                  Alch/Erth      41%        N/A       13%         4
 Starburst                Conj/Fire      15%        6d6       98%         6
 Plasma Beam              Fire/Air       6%         2x1d16    100%        6
 Summon Hydra             Summ           6%         N/A       100%        7


Dungeon Overview and Level Annotations

Branches:
Dungeon (6/15)             Temple (1/1) D:5           Sewer (visited)

Altars:
Ashenzari
Cheibriados
Dithmenos
Fedhas
Gozag
Hepliaklqana
Makhleb
Nemelex Xobeh
Okawaru
Sif Muna
Trog
Uskayaw
Vehumet
Wu Jian
Xom
Yredelemnul
Zin
The Shining One

Shops:
D:5 :


Message History

You are poisoned.
The killer bee poisons you!
The killer bee stings you but does no damage.
The killer bee barely misses you. The killer bee closely misses you.
The killer bee stings you. The killer bee barely misses you.
The killer bee stings you but does no damage.
The killer bee stings you.
You are more poisoned.
The killer bee poisons you! The killer bee stings you.
The killer bee misses you.
There is a stone staircase leading up here.
You feel very sick. The killer bee stings you!
The killer bee stings you but does no damage. x2
The killer bee barely misses you.
The killer bee stings you but does no damage.
The killer bee misses you.
The killer bee stings you but does no damage.
The killer bee stings you.
You are lethally poisoned!
The killer bee poisons you!
You climb upwards.
* * * LOW HITPOINT WARNING * * *
You feel very sick.
There is a stone staircase leading down, spattered with blood here.
As you read the scroll labelled HEICISIHAY, it crumbles to dust.
You feel strangely unstable.
It was a scroll of teleportation.
* * * LOW HITPOINT WARNING * * *
You feel very sick. The killer bee closely misses you.
The killer bee stings you but does no damage. x2
The killer bee completely misses you. The killer bee stings you.
* * * LOW HITPOINT WARNING * * *
The killer bee closely misses you.
It was a potion of brilliance.
You feel clever all of a sudden.
* * * LOW HITPOINT WARNING * * *
You feel very sick. The killer bee stings you!
You die...

######### ######### #.......#
#.......####
#.......######......##..#
#.......'..y@yy.....##..#
#.......#####y..........####
#.......#####.######...∩...##
##'####..............##......
#.#..'..............##..####
#.#.##.......#########..####
#.#.######...............[)[
#.#.##.....############...#[
#.#.##.##..# #......'...'.


You could see 4 killer bees.

Vanquished Creatures
  Menkaure (D:4)
  A weeping skull (D:4)
  A phantom (D:5)
  A kobold brigand (Sewer)
  3 scorpions
  2 killer bees (D:5)
  A bombardier beetle (D:4)
  2 orc priests
  A jelly (D:5)
  3 hounds
  2 sleepcaps
  3 iguanas
  Natasha (D:4)
  2 orc wizards
  5 gnolls
  9 adders
  A river rat (Sewer)
  2 ufetubi (D:5)
  A dart slug (D:1)
  6 ribbon worms
  11 orcs
  11 ball pythons
  6 endoplasms
  2 giant cockroaches
  3 goblins
  8 hobgoblins
  7 jackals
  A quokka (D:1)
  5 bats
  4 frilled lizards (D:5)
  10 kobolds
  4 rats
  A spectral orc (D:4)
121 creatures vanquished.

Vanquished Creatures (collateral kills)
  A boulder (D:6)
1 creature vanquished.

Grand Total: 122 creatures vanquished

Notes
Turn   | Place    | Note
-------+----------+-------------------------------------------
     0 | D:1      | MisterAzrael the Deep Elf Earth Elementalist began the
                  | quest for the Orb.
     0 | D:1      | Reached XP level 1. HP: 10/10 MP: 6/6
   183 | D:1      | Reached XP level 2. HP: 15/15 MP: 6/8
   809 | D:2      | Reached skill level 4 in Earth Magic
   830 | D:2      | Reached XP level 3. HP: 19/19 MP: 7/10
   977 | D:2      | Found a broken altar of Ashenzari.
  1398 | D:3      | Reached XP level 4. HP: 23/24 MP: 5/11
  1401 | D:3      | Found a glowing drain.
  1819 | Sewer    | Entered a sewer
  2008 | Sewer    | Noticed a kobold brigand
  2017 | Sewer    | Killed a kobold brigand
  2018 | Sewer    | Reached skill level 5 in Earth Magic
  2018 | Sewer    | Reached XP level 5. HP: 7/28 MP: 5/13
  2588 | D:3      | Found a blossoming altar of Fedhas.
  2964 | D:4      | Reached XP level 6. HP: 18/32 MP: 8/15
  3053 | D:4      | Noticed Menkaure
  3060 | D:4      | Learned a level 3 spell: Stone Arrow
  3065 | D:4      | Learned a level 4 spell: Brom's Barrelling Boulder
  3071 | D:4      | Killed Menkaure
  3072 | D:4      | Reached skill level 5 in Spellcasting
  3072 | D:4      | Reached skill level 6 in Earth Magic
  3162 | D:4      | Found a burning altar of Makhleb.
  3356 | D:4      | Found a shadowy altar of Dithmenos.
  3502 | D:4      | Reached XP level 7. HP: 23/36 MP: 10/17
  4111 | D:4      | Found a basalt altar of Yredelemnul.
  4116 | D:4      | Reached skill level 7 in Earth Magic
  4373 | D:4      | Noticed Natasha
  4376 | D:4      | Killed Natasha
  4518 | D:5      | Entered Level 5 of the Dungeon
  4904 | D:5      | Found Edoat's Book Emporium.
  5004 | D:5      | Reached skill level 5 in Conjurations
  5270 | D:5      | Found a staircase to the Ecumenical Temple.
  5304 | D:5      | Reached XP level 8. HP: 41/41 MP: 12/20
  5333 | Temple   | Entered the Ecumenical Temple
  5353 | Temple   | Became a worshipper of Vehumet
  5560 | D:5      | Reached skill level 8 in Earth Magic
  6107 | D:5      | Slain by a killer bee

Illustrated notes

Levels and vault maps discovered:
D:1:      giann_forest_graveyard, layout_rooms
D:2:      wander_river, layout_loops_ring, basic_altar,
          chequers_serial_rivers_large_b, st_stairs_9
D:3:      layout_basic, pf_just_have_faith, cheibrodos_sewer_entry_sluice,
          palyth_stone_intersect
D:4:      layout_loops_cross, mainiacjoe_overflow_brackets,
          yredelemnul_forgotten_temple_becter, nicolae_dithmenos_shadow_blocks,
          uniq_natasha, uniq_menkaure
D:5:      layout_basic, temple_doors_cd, serial_shops, nicolae_square_shop,
          hangedman_abyss_or_decor_stagger, st_stairs_1, minmay_lizard_king
D:6:      layout_cave_pools, grunt_qazlal_sundering, kennysheep_generic_room_9
Temple:   compressed_dpeg_circular_temple

Skill      XL: |  1  2  3  4  5  6  7  8 |
---------------+-------------------------+-----
Earth Magic    | 4 5 6 7 8 |  8.4
Conjurations   | 2 3 4 5 |  5.5
Spellcasting   | 4 5 6 7 |  7.1
Dodging        | |  2.4
Stealth        | |  2.4

Action                     |  1- 3 |  4- 6 |  7- 9 || total
---------------------------+-------+-------+-------++-------
  Melee: Unarmed           |       |     5 |       ||     5
   Cast: Sandblast         |    46 |    62 |    10 ||   118
         Stone Arrow       |       |    16 |    61 ||    77
         Brom's Barrelling |       |       |     2 ||     2
    Use: Potion            |       |     3 |     3 ||     6
         Scroll            |       |     1 |     2 ||     3
   Stab: Sleeping          |       |     1 |       ||     1
 Armour: Robe              |     7 |    43 |    45 ||    95
  Dodge: Dodged            |     5 |    27 |    37 ||    69

Table legend: (Time is in decaauts)
 A = Elapsed time spent in this place.
 B = Non-inter-level travel time spent in this place.
 C = Inter-level travel time spent in this place.
 D = Time resting spent in this place.
 E = Time spent auto-exploring this place.
 F = Levels seen in this place.
 G = Mean time per level.
                   A        B        C        D        E       F      G
               +--------+--------+--------+--------+--------+-----+--------+
         Total |   6273 |   6124 |    149 |   1036 |   4218 |   8 |  784.1 |
       Dungeon |   5605 |   5457 |    148 |    951 |   3889 |   6 |  934.2 |
        Temple |     36 |     36 |      0 |      0 |      0 |   1 |   36.0 |
         Sewer |    631 |    631 |      0 |     85 |    329 |   1 |  631.0 |
               +--------+--------+--------+--------+--------+-----+--------+

Top non-repeatable levels by time:
     D:4: 1637 daAuts
     D:5: 1541 daAuts
     D:3: 1040 daAuts
     D:2: 731 daAuts
     D:1: 639 daAuts
   Sewer: 631 daAuts
  Temple: 36 daAuts
     D:6: 15 daAuts
